Map: Disco Bloodbath LE

Players

HalfBreed

  • Race: Zerg Zerg
  • Spawn Location: 3:00

thermostaat (uThermal) - Winner!

  • Race: Terran Terran
  • Spawn Location: 9:00

Event: NationWars 2019

VOD

Have the link to the VOD?

Description

Time

  • Played on: Oct. 11, 2019, 1:21 p.m.
  • Length: 8:39

All games in this series

Show
View Real Time Build Order
Export as new Build Order

HalfBreed Zerg 

Build Orders: Hatch First 

Get SALT Encoding   

  12  0:00  Drone  
  13  0:13  Overlord  
  13  0:17  Drone  
  14  0:31  Drone x2  
  16  0:49  Hatchery  
  15  0:52  Drone  
  15  0:55  Drone  
  17  0:59  Drone  
  18  1:09  Extractor  
  17  1:14  Spawning Pool  
  17  1:16  Drone  
  17  1:20  Drone  
  18  1:29  Drone  
  19  1:40  Drone  
  20  1:51  Overlord  
  20  2:02  Queen x2  
  20  2:04  Zergling x4  
  26  2:17  Hatchery  
  26  2:21  Drone  
  26  2:24  Drone  
  26  2:26  Drone  
  28  2:30  Drone  
  28  2:34  Drone  
  30  2:39  Pneumatized Carapace  
  30  2:45  Overlord  
  30  2:47  Drone  
  30  2:49  Drone  
  32  2:54  Queen  
  34  2:59  Metabolic Boost  
  34  3:03  Drone  
  34  3:05  Drone  
  36  3:09  Drone x2  
  38  3:15  Drone x2  
  38  3:16  Drone  
  41  3:20  Overlord  
  41  3:23  Drone  
  42  3:28  Drone  
  42  3:31  Queen  
  45  3:35  Queen  
  45  3:41  Drone x3  
  50  3:47  Drone x4  
  54  3:55  Overlord  
  54  3:56  Drone x2  
  56  4:03  Overlord  
  56  4:04  Drone x2  
  58  4:13  Queen  
  58  4:15  Overlord  
  61  4:17  Zergling x12  
  61  4:24  Zergling x4, Queen  
  67  4:30  Zergling x4  
  72  4:34  Overlord  
  72  4:38  Extractor  
  72  4:39  Lair, Baneling Nest, Extractor  
  72  4:41  Zergling x10  
  61  4:58  Zergling x2  
  61  4:59  Zergling x16  
  63  5:03  Zergling x2  
  60  5:11  Zergling x2  
  60  5:12  Zergling x4  
  54  5:24  Queen  
  54  5:25  Queen  
  54  5:30  Drone x4  
  54  5:35  Drone  
  59  5:39  Zergling x4  
  59  5:47  Zergling x4  
  56  5:54  Zergling x6  
  56  5:55  Drone x2  
  52  6:07  Drone  
  52  6:08  Drone x3  
  53  6:13  Zergling x2  
  52  6:23  Drone x2  
  52  6:30  Drone x2  
  54  6:34  Drone  
  54  6:35  Centrifical Hooks  
  54  6:38  Drone x2  
  57  6:46  Zergling x4  
  52  6:56  Zergling x4  
  52  7:00  Zergling x4  
  48  7:05  Zergling x6  
  51  7:14  Zergling x12  
  57  7:21  Zergling x2  
  57  7:26  Zergling x4  
  59  7:31  Zergling x6  
  59  7:32  Zergling x2  
  51  7:45  Zergling x2  
  51  7:46  Zergling x4  
  51  7:48  Zergling x2  
  51  7:49  Zergling x2  
  52  7:58  Zergling x6  
  52  8:00  Queen x2  
  52  8:04  Zergling x6  
  52  8:05  Zergling x4  
  61  8:08  Baneling  
  61  8:09  Baneling x8  
Show
View Real Time Build Order
Export as new Build Order

thermostaat Terran - Winner!

Build Orders:  

Get SALT Encoding   

  12  0:01  SCV  
  13  0:14  SCV  
  14  0:17  Supply Depot  
  14  0:26  SCV  
  15  0:39  SCV  
  15  0:40  Barracks  
  16  0:43  Refinery  
  16  0:51  SCV  
  17  1:03  SCV  
  18  1:15  SCV  
  19  1:27  Barracks Reactor, Orbital Command  
  19  1:39  Command Center  
  19  1:49  Supply Depot  
  19  1:54  SCV  
  20  2:03  Marine x2  
  20  2:06  SCV  
  23  2:12  Factory  
  23  2:18  SCV  
  23  2:21  Marine x2  
  26  2:26  Refinery  
  26  2:30  SCV  
  27  2:38  Marine  
  27  2:39  Marine  
  27  2:42  SCV  
  30  2:52  Orbital Command  
  30  2:54  SCV  
  30  2:56  Marine x2  
  33  2:59  Starport  
  33  3:02  Factory Reactor  
  33  3:06  SCV  
  34  3:14  Marine x2  
  34  3:17  SCV, Supply Depot  
  37  3:20  SCV  
  38  3:31  SCV  
  38  3:32  Marine x2  
  41  3:36  SCV  
  42  3:41  Supply Depot, Medivac  
  42  3:42  Medivac  
  42  3:43  SCV  
  42  3:45  Widow Mine  
  49  3:50  Marine x2  
  49  3:53  SCV  
  52  3:56  SCV  
  52  4:00  Supply Depot  
  53  4:09  Command Center  
  53  4:11  SCV  
  53  4:15  Liberator, SCV  
  55  4:17  Hellion  
  55  4:18  Liberator  
  55  4:19  Hellion  
  59  4:26  SCV, Supply Depot  
  59  4:27  SCV  
  67  4:40  Hellion  
  69  4:48  Hellion  
  69  4:54  SCV x2, Refinery  
  69  4:56  Refinery  
  68  5:02  Hellion  
  68  5:06  SCV x2  
  71  5:09  Hellion  
  73  5:18  SCV x2  
  73  5:19  Factory x2  
  73  5:23  Hellion  
  71  5:28  Orbital Command  
  71  5:30  SCV x2, Hellion  
  75  5:42  SCV  
  76  5:43  SCV  
  76  5:49  Hellion  
  75  5:54  SCV  
  75  5:55  SCV  
  75  5:56  Hellion  
  79  5:57  Orbital Command  
  79  6:01  Factory  
  79  6:02  Liberator x2  
  79  6:03  Factory  
  75  6:04  Factory Tech Lab  
  75  6:05  Factory Tech Lab  
  75  6:06  SCV  
  75  6:07  SCV  
  74  6:12  Hellion  
  76  6:18  SCV  
  76  6:19  SCV  
  76  6:20  Hellion  
  86  6:27  SCV  
  86  6:29  Refinery x2  
  86  6:30  SCV  
  86  6:31  SCV, Supply Depot  
  86  6:32  Supply Depot  
  89  6:35  Cyclone  
  89  6:38  Cyclone  
  89  6:39  SCV  
  93  6:42  Mag-Field Accelerator  
  93  6:50  Liberator  
  93  6:51  Hellion  
  93  6:53  SCV x3, Hellion x2  
  94  7:05  SCV x2  
  94  7:07  Cyclone  
  99  7:18  SCV  
  99  7:20  Factory Tech Lab, Factory Reactor  
  99  7:21  SCV  
  99  7:23  SCV  
  99  7:24  Supply Depot  
  99  7:25  Command Center  
  99  7:26  Hellion x2  
  99  7:27  Cyclone  
  107  7:30  SCV  
  107  7:33  SCV  
  109  7:40  Supply Depot  
  109  7:41  SCV  
  109  7:42  SCV, Supply Depot, Hellion  
  108  7:46  Hellion  
  108  7:47  Hellion  
  105  7:52  SCV  
  105  7:56  Armory, SCV  
  106  7:59  Armory, Cyclone  
  106  8:00  Hellion  
  106  8:01  Hellion  
  106  8:03  Cyclone  
  106  8:05  Hellion  
  115  8:08  Engineering Bay  
  115  8:10  Hellion  
  115  8:11  Hellion  
Tags
 
Add a new tag
Caveats
  • Supply blocks, unpowered buildings, or Contaminate may cause inaccurate times.
  • Supply counts are checked every 10 seconds.